General information
- name: BNet
- type: Ladder team game (AT/RT)
- host: Battle.net
- saver: criminal.minds.
map: Friends
- players: 8
- length: 47:05
- speed: Fast
- version: 1.26 W3XP
- replay type: Public
» download(260 KB)
Players
team 1 (winner)
OWNEDORCGOD (
yellow | 44 APM | 1453 actions | 33:12)
7 Far Seer
1 Far Sight
3 Feral Spirit
2 Chain Lighting
1 Earth Quake
3 Tauren Chieftain
2 War Stomp
1 Endurance Aura
» actions
| Build / train | 104 | |
| Enter build submenu | 20 | |
| Enter hero's abilities submenu | 11 | |
| Give item / drop item | 1 | |
| Right click | 951 | |
| Select / deselect | 286 | |
| Use ability | 80 | |
1453 total
» units
| Peon | 8 | |
| Grunt | 10 | |
| Shaman | 7 | |
| Goblin Shredder | 2 | |
| Tauren | 26 | |
53 total
» upgrades
| Shaman Training | 2 | |
| Pulverize | 1 | |
| Melee Weapons | 3 | |
| Armor | 3 | |
9 total
» buildings
| Altar of Storms | 1 | |
| Orc Burrow | 9 | |
| Barracks | 1 | |
| Stronghold | 7 | |
| War Mill | 1 | |
| Spirit Lodge | 2 | |
| Fortress | 3 | |
| Voodoo Lounge | 1 | |
| Tauren Totem | 2 | |
| Great Hall | 1 | |
28 total
» build order
00:10 Altar of Storms
00:11 Orc Burrow
00:32 Barracks
01:33 Orc Burrow
03:36 Stronghold
03:36 Stronghold
03:53 Orc Burrow
04:47 War Mill
06:16 Spirit Lodge
06:18 Spirit Lodge
06:55 Orc Burrow
07:02 Fortress
07:02 Fortress
07:02 Fortress
07:38 Voodoo Lounge
07:42 Orc Burrow
09:33 Tauren Totem
09:35 Tauren Totem
12:06 Orc Burrow
12:16 Orc Burrow
13:00 Orc Burrow
13:03 Orc Burrow
27:04 Great Hall
29:22 Stronghold
29:23 Stronghold
29:23 Stronghold
» items
| Tiny Great Hall | 1 | |
| Scroll of Regeneration | 1 | |
| Demonic Figurine | 1 | |
| Book of the Dead | 1 | |
4 total
star_king_1 (
orange | 34 APM | 1110 actions | 32:49)
8 Archmage
3 Blizzard
3 Summon Water Elemental
1 Mass Teleport
1 Brilliance Aura
» actions
| Basic commands | 31 | |
| Build / train | 118 | |
| Enter build submenu | 35 | |
| Enter hero's abilities submenu | 10 | |
| Right click | 459 | |
| Select / deselect | 379 | |
| Use ability | 78 | |
1110 total
» units
| Peasant | 10 | |
| Gryphon Rider | 14 | |
| Forest Troll Shadow Priest | 1 | |
| Flying Machine | 32 | |
57 total
» upgrades
| Masonry | 3 | |
| Lumber Harvesting | 2 | |
| Swords | 3 | |
| Storm Hammers | 1 | |
| Armor | 3 | |
| Gunpowder | 1 | |
| Flak Cannons | 1 | |
| Flying Machine Bombs | 1 | |
| Plating | 1 | |
16 total
» buildings
| Farm | 12 | |
| Lumber Mill | 2 | |
| Altar of Kings | 1 | |
| Scout Tower | 10 | |
| Guard Tower | 10 | |
| Arcane Vault | 1 | |
| Keep | 2 | |
| Blacksmith | 1 | |
| Castle | 1 | |
| Gryphon Aviary | 3 | |
| Town Hall | 2 | |
| Workshop | 1 | |
46 total
» build order
00:15 Farm
00:27 Lumber Mill
00:43 Altar of Kings
00:58 Farm
01:37 Scout Tower
01:42 Farm
02:13 Guard Tower
02:16 Scout Tower
02:36 Scout Tower
02:48 Guard Tower
02:53 Arcane Vault
03:08 Farm
03:17 Guard Tower
03:34 Scout Tower
03:43 Scout Tower
03:56 Farm
04:06 Guard Tower
04:20 Guard Tower
04:26 Scout Tower
04:56 Keep
05:09 Guard Tower
05:13 Scout Tower
05:37 Lumber Mill
05:45 Guard Tower
05:50 Scout Tower
06:31 Guard Tower
06:34 Farm
06:41 Blacksmith
07:51 Scout Tower
07:56 Castle
08:08 Gryphon Aviary
08:13 Gryphon Aviary
08:20 Gryphon Aviary
08:39 Guard Tower
08:42 Scout Tower
09:20 Guard Tower
09:24 Farm
11:14 Farm
13:03 Farm
14:47 Town Hall
15:05 Farm
21:41 Farm
23:08 Workshop
25:02 Farm
28:34 Keep
30:07 Town Hall
» items
| Lesser Clarity Potion | 6 | |
| Scroll of Regeneration | 8 | |
| Healing Wards | 1 | |
| Scourge Bone Chimes | 1 | |
| Scroll of Town Portal | 2 | |
| Potion of Mana | 2 | |
| Ivory Tower | 3 | |
23 total
killnoobnlagger (
teal | 80 APM | 2366 actions | 29:36)
5 Archmage
3 Summon Water Elemental
2 Blizzard
» actions
| Assign group hotkey | 41 | |
| Basic commands | 107 | |
| Build / train | 77 | |
| Enter build submenu | 34 | |
| Enter hero's abilities submenu | 5 | |
| Give item / drop item | 2 | |
| Right click | 854 | |
| Select / deselect | 411 | |
| Select group hotkey | 781 | |
| Use ability | 54 | |
2366 total
» units
| Peasant | 13 | |
| Rifleman | 10 | |
| Knight | 10 | |
| Siege Engine | 3 | |
| Mortar Team | 11 | |
47 total
» upgrades
| Long Rifles | 1 | |
| Armor | 1 | |
| Animal War Training | 1 | |
| Barrage | 1 | |
| Flare | 1 | |
| Fragmentation Shards | 1 | |
| Plating | 1 | |
| Swords | 1 | |
8 total
» buildings
| Altar of Kings | 1 | |
| Farm | 15 | |
| Scout Tower | 7 | |
| Lumber Mill | 1 | |
| Guard Tower | 7 | |
| Barracks | 2 | |
| Blacksmith | 1 | |
| Arcane Vault | 1 | |
| Keep | 1 | |
| Castle | 1 | |
| Workshop | 2 | |
| Town Hall | 1 | |
40 total
» build order
00:15 Altar of Kings
00:20 Farm
00:53 Scout Tower
01:01 Lumber Mill
01:29 Farm
01:46 Guard Tower
02:08 Barracks
02:15 Scout Tower
02:43 Blacksmith
02:46 Guard Tower
02:53 Arcane Vault
03:01 Farm
03:15 Scout Tower
03:51 Keep
04:15 Guard Tower
04:21 Scout Tower
04:32 Farm
05:00 Guard Tower
05:08 Farm
06:04 Barracks
06:14 Farm
06:50 Castle
07:35 Farm
10:00 Workshop
10:06 Workshop
10:35 Farm
12:50 Farm
12:58 Farm
14:20 Farm
14:22 Farm
14:27 Farm
17:12 Farm
17:15 Farm
19:17 Town Hall
19:46 Scout Tower
21:13 Guard Tower
21:17 Scout Tower
21:51 Scout Tower
21:53 Guard Tower
22:35 Guard Tower
» items
AimForTheEyes (
pink | 54 APM | 2540 actions | 47:05)
10 Mountain King
3 Storm Bolt
3 Bash
1 Avatar
3 Thunder Clap
» actions
| Assign group hotkey | 150 | |
| Basic commands | 209 | |
| Build / train | 100 | |
| Enter build submenu | 24 | |
| Enter hero's abilities submenu | 10 | |
| Give item / drop item | 1 | |
| Right click | 1197 | |
| Select / deselect | 438 | |
| Select group hotkey | 344 | |
| Use ability | 67 | |
2540 total
» units
| Peasant | 12 | |
| Footman | 8 | |
| Goblin Shredder | 1 | |
| Gryphon Rider | 36 | |
| Goblin Zeppelin | 5 | |
| Knight | 1 | |
63 total
» upgrades
| Masonry | 3 | |
| Swords | 3 | |
| Animal War Training | 1 | |
| Storm Hammers | 1 | |
| Armor | 3 | |
| Lumber Harvesting | 1 | |
12 total
» buildings
| Altar of Kings | 1 | |
| Barracks | 1 | |
| Farm | 13 | |
| Scout Tower | 5 | |
| Arcane Tower | 1 | |
| Keep | 1 | |
| Lumber Mill | 1 | |
| Castle | 1 | |
| Gryphon Aviary | 2 | |
| Blacksmith | 1 | |
| Arcane Vault | 1 | |
| Town Hall | 1 | |
| Guard Tower | 4 | |
33 total
» build order
00:07 Altar of Kings
00:14 Barracks
00:23 Farm
01:24 Farm
02:07 Farm
02:20 Scout Tower
02:50 Arcane Tower
03:38 Keep
03:52 Lumber Mill
04:27 Farm
06:32 Castle
06:39 Gryphon Aviary
06:40 Gryphon Aviary
07:01 Blacksmith
07:54 Arcane Vault
08:40 Farm
09:58 Farm
12:23 Farm
12:25 Farm
13:16 Farm
15:28 Town Hall
16:43 Farm
19:05 Scout Tower
21:13 Farm
21:14 Farm
23:31 Farm
24:31 Guard Tower
24:33 Scout Tower
24:34 Scout Tower
24:36 Scout Tower
24:59 Guard Tower
33:28 Guard Tower
33:29 Guard Tower
» items
| Orb of Fire | 1 | |
| Scroll of Regeneration | 3 | |
| Scroll of Town Portal | 3 | |
7 total
team 2 (loser)

»
FLUFF_My_BONER (
blue | 23 APM | 1049 actions | 45:40)
5 Death Knight
3 Death Coil
2 Unholy Aura
3 Lich
2 Frost Nova
1 Frost Armor
1 Archmage
1 Mass Teleport
» actions
| Assign group hotkey | 8 | |
| Basic commands | 5 | |
| Build / train | 62 | |
| Enter build submenu | 26 | |
| Enter hero's abilities submenu | 9 | |
| Right click | 434 | |
| Select / deselect | 293 | |
| Select group hotkey | 164 | |
| Use ability | 48 | |
1049 total
» units
| Acolyte | 3 | |
| Ghoul | 3 | |
| Crypt Fiend | 8 | |
| Obsidian Statue | 2 | |
| Necromancer | 8 | |
| Abomination | 5 | |
| Footman | 2 | |
31 total
» upgrades
| Creature Attack | 1 | |
| Creature Carapace | 1 | |
| Unholy Strength | 2 | |
| Unholy Armor | 1 | |
| Necromancer Training | 2 | |
| Skeletal Longevity | 1 | |
| Web | 1 | |
| Disease Cloud | 1 | |
| Skeletal Mastery | 1 | |
| Cannibalize | 1 | |
12 total
» buildings
| Ziggurat | 7 | |
| Graveyard | 1 | |
| Altar of Darkness | 2 | |
| Crypt | 1 | |
| Nerubian Tower | 2 | |
| Tomb of Relics | 1 | |
| Spirit Tower | 1 | |
| Halls of the Dead | 1 | |
| Slaughterhouse | 2 | |
| Sacrificial Pit | 1 | |
| Temple of the Damned | 1 | |
| Black Citadel | 1 | |
| Altar of Kings | 1 | |
| Farm | 2 | |
| Barracks | 1 | |
| Scout Tower | 2 | |
27 total
» build order
00:44 Ziggurat
00:50 Graveyard
01:02 Altar of Darkness
01:06 Crypt
01:20 Ziggurat
01:36 Nerubian Tower
01:52 Tomb of Relics
03:12 Spirit Tower
03:58 Ziggurat
04:54 Ziggurat
06:24 Halls of the Dead
09:04 Slaughterhouse
09:31 Sacrificial Pit
09:40 Ziggurat
10:52 Temple of the Damned
11:17 Black Citadel
11:22 Slaughterhouse
11:43 Ziggurat
14:45 Ziggurat
22:18 Nerubian Tower
24:57 Altar of Darkness
28:20 Altar of Kings
28:32 Farm
29:19 Farm
32:46 Barracks
38:18 Scout Tower
41:08 Scout Tower
» items
| Dust of Appearance | 1 | |
| Rod of Necromancy | 1 | |
| Scroll of Regeneration | 1 | |
3 total

»
Cacita (
green | 43 APM | 1146 actions | 26:47)
5 Archmage
3 Summon Water Elemental
2 Brilliance Aura
3 Paladin
2 Devotion Aura
1 Divine Shield
» actions
| Assign group hotkey | 29 | |
| Basic commands | 130 | |
| Build / train | 68 | |
| Enter build submenu | 30 | |
| Enter hero's abilities submenu | 8 | |
| Give item / drop item | 1 | |
| Remove unit from queue | 2 | |
| Right click | 355 | |
| Select / deselect | 237 | |
| Select group hotkey | 224 | |
| Use ability | 62 | |
1146 total
» units
| Peasant | 9 | |
| Rifleman | 12 | |
| Priest | 3 | |
| Spell Breaker | 5 | |
29 total
» upgrades
| Long Rifles | 1 | |
| Lumber Harvesting | 2 | |
| Armor | 3 | |
| Priest Training | 2 | |
| Control Magic | 1 | |
| Masonry | 2 | |
| Sorceress Training | 2 | |
| Gunpowder | 1 | |
14 total
» buildings
| Farm | 13 | |
| Lumber Mill | 2 | |
| Scout Tower | 8 | |
| Blacksmith | 1 | |
| Arcane Tower | 2 | |
| Altar of Kings | 1 | |
| Barracks | 1 | |
| Guard Tower | 6 | |
| Keep | 1 | |
| Arcane Vault | 2 | |
| Castle | 1 | |
| Arcane Sanctum | 2 | |
40 total
» build order
00:09 Farm
00:14 Farm
00:26 Lumber Mill
00:45 Scout Tower
01:13 Blacksmith
01:18 Arcane Tower
01:27 Altar of Kings
01:54 Barracks
02:17 Scout Tower
02:43 Farm
02:49 Guard Tower
03:13 Scout Tower
03:19 Scout Tower
03:31 Farm
03:42 Guard Tower
03:52 Scout Tower
04:01 Guard Tower
04:27 Arcane Tower
04:29 Farm
04:46 Farm
05:24 Keep
05:37 Arcane Vault
05:58 Arcane Vault
07:15 Farm
07:50 Castle
08:52 Farm
08:59 Arcane Sanctum
10:08 Arcane Sanctum
13:50 Farm
13:54 Farm
14:22 Farm
14:23 Farm
14:31 Lumber Mill
15:02 Farm
15:38 Scout Tower
16:17 Scout Tower
16:19 Guard Tower
16:53 Guard Tower
16:58 Scout Tower
17:34 Guard Tower
» items
| Scroll of Regeneration | 1 | |
| Scroll of Town Portal | 1 | |
| Potion of Healing | 1 | |
3 total
criminal.minds. (
purple | 57 APM | 2676 actions | 47:05)
10 Mountain King
3 Storm Bolt
3 Bash
1 Avatar
3 Thunder Clap
» actions
| Assign group hotkey | 43 | |
| Basic commands | 132 | |
| Build / train | 100 | |
| Enter build submenu | 23 | |
| Enter hero's abilities submenu | 10 | |
| Give item / drop item | 1 | |
| Remove unit from queue | 1 | |
| Right click | 1075 | |
| Select / deselect | 379 | |
| Select group hotkey | 829 | |
| Use ability | 81 | |
2676 total
» units
| Peasant | 29 | |
| Footman | 5 | |
| Gryphon Rider | 9 | |
| Goblin Zeppelin | 1 | |
| Goblin Shredder | 1 | |
| Siege Engine | 2 | |
| Flying Machine | 3 | |
50 total
» upgrades
| Masonry | 3 | |
| Lumber Harvesting | 1 | |
| Storm Hammers | 1 | |
| Swords | 2 | |
| Armor | 2 | |
| Animal War Training | 1 | |
| Barrage | 1 | |
| Gunpowder | 1 | |
| Plating | 1 | |
| Flying Machine Bombs | 1 | |
| Flak Cannons | 1 | |
15 total
» buildings
| Altar of Kings | 1 | |
| Barracks | 1 | |
| Farm | 17 | |
| Scout Tower | 4 | |
| Arcane Tower | 1 | |
| Arcane Vault | 1 | |
| Keep | 2 | |
| Lumber Mill | 2 | |
| Castle | 2 | |
| Gryphon Aviary | 2 | |
| Guard Tower | 3 | |
| Town Hall | 3 | |
| Blacksmith | 1 | |
| Workshop | 3 | |
43 total
» build order
00:19 Altar of Kings
00:25 Barracks
00:39 Farm
00:53 Farm
01:40 Farm
01:44 Scout Tower
02:12 Arcane Tower
02:32 Arcane Vault
03:24 Keep
03:41 Farm
04:07 Lumber Mill
05:49 Castle
05:49 Castle
05:59 Gryphon Aviary
07:46 Gryphon Aviary
07:58 Farm
07:59 Farm
09:01 Guard Tower
09:28 Farm
12:29 Lumber Mill
13:36 Town Hall
14:50 Blacksmith
14:56 Town Hall
18:47 Scout Tower
18:47 Scout Tower
20:40 Guard Tower
20:53 Workshop
20:53 Workshop
20:55 Workshop
23:07 Farm
23:08 Farm
29:20 Keep
29:57 Town Hall
30:23 Farm
30:23 Farm
30:24 Farm
30:36 Farm
30:36 Farm
» items
| Scroll of Regeneration | 4 | |
| Lesser Clarity Potion | 1 | |
| Ivory Tower | 3 | |
| Scroll of Town Portal | 3 | |
| Orb of Fire | 1 | |
| Staff of Sanctuary | 1 | |
| Potion of Mana | 2 | |
15 total

»
MAK27 (
red | 36 APM | 1672 actions | 46:46)
4 Death Knight
2 Death Coil
1 Death Pact
1 Unholy Aura
4 Dreadlord
2 Carrion Swarm
1 Sleep
1 Vampiric Aura
1 Lich
1 Frost Nova
» actions
| Assign group hotkey | 20 | |
| Basic commands | 109 | |
| Build / train | 88 | |
| ESC pressed | 16 | |
| Enter build submenu | 25 | |
| Enter hero's abilities submenu | 10 | |
| Right click | 423 | |
| Select / deselect | 412 | |
| Select group hotkey | 503 | |
| Use ability | 66 | |
1672 total
» units
| Acolyte | 20 | |
| Ghoul | 14 | |
| Goblin Shredder | 1 | |
| Frost Wyrm | 15 | |
| Crypt Fiend | 7 | |
57 total
» upgrades
| Creature Attack | 3 | |
| Creature Carapace | 3 | |
| Freezing Breath | 1 | |
| Web | 1 | |
8 total
» buildings
| Altar of Darkness | 1 | |
| Ziggurat | 10 | |
| Graveyard | 2 | |
| Nerubian Tower | 1 | |
| Crypt | 1 | |
| Spirit Tower | 6 | |
| Halls of the Dead | 1 | |
| Black Citadel | 2 | |
| Sacrificial Pit | 1 | |
| Tomb of Relics | 1 | |
| Boneyard | 2 | |
| Necropolis | 2 | |
30 total
» build order
00:16 Altar of Darkness
00:20 Ziggurat
01:21 Graveyard
01:37 Nerubian Tower
02:00 Ziggurat
03:07 Crypt
03:25 Ziggurat
03:41 Ziggurat
05:03 Spirit Tower
05:22 Halls of the Dead
05:46 Ziggurat
05:51 Spirit Tower
06:45 Spirit Tower
07:44 Black Citadel
07:52 Sacrificial Pit
09:25 Tomb of Relics
10:19 Boneyard
10:27 Boneyard
12:03 Graveyard
14:09 Ziggurat
14:14 Ziggurat
14:20 Ziggurat
14:25 Ziggurat
16:25 Necropolis
21:35 Spirit Tower
24:55 Spirit Tower
27:57 Ziggurat
32:19 Spirit Tower
32:56 Necropolis
» items
Chat log
(00:04 / All) AimForTheEyes: mal
(00:11 / All) criminal.minds.: im a homo who likes nakid men
(00:13 / Allies) FLUFF_My_BONER: PLAN/UNITS???????
(00:19 / All) AimForTheEyes: fluff blue's boner
(00:30 / Allies) MAK27: units?
(00:41 / Allies) criminal.minds.: griffs
(00:41 / Allies) MAK27: UNITS?
(00:44 / Allies) criminal.minds.: u guys get melee
(00:52 / Allies) FLUFF_My_BONER: IM NOT
(00:53 / Allies) MAK27: k
(00:55 / Allies) FLUFF_My_BONER: FRIEND FROST
(01:02 / Allies) MAK27: ill go melle till I get forst wyrm
(01:12 / Allies) criminal.minds.: u'll do what i tell u blue
(01:14 / Allies) criminal.minds.: u get me?
(01:22 / Allies) FLUFF_My_BONER: UGH NO
(02:45 / Allies) criminal.minds.: give me ur gold red god damn
(03:00 / Allies) FLUFF_My_BONER: PURPLE UR A 1 STFU BRO
(03:17 / Allies) criminal.minds.: im on a new account blue be careful what u say
(04:03 / All) AimForTheEyes: this map sucks. not enough trees on it for wood
(04:09 / All) criminal.minds.: shreddeer
(04:12 / All) OWNEDORCGOD: rofl
(04:48 / All) AimForTheEyes: shredder doesn't help when you have to build lumber mills all over the god damn map
(06:47 / Allies) criminal.minds.: wood red
(06:48 / Allies) criminal.minds.: wood
(07:04 / Allies) MAK27: 'have none
(07:28 / Allies) Cacita: who needs wood?
(07:31 / Allies) criminal.minds.: me
(07:41 / Allies) Cacita: thx
(07:44 / Allies) FLUFF_My_BONER: NP
(08:40 / Allies) MAK27: frost wrysm soon
(08:45 / Allies) FLUFF_My_BONER: LOL
(08:49 / Allies) FLUFF_My_BONER: WE HAVE NO MELEE
(08:55 / Allies) FLUFF_My_BONER: WERE GONNA LOSE
(09:07 / Allies) MAK27: thats ok
(09:43 / Allies) criminal.minds.: stay the fuck back red
(10:33 / Allies) FLUFF_My_BONER: SHOULD I GO ABOM NECRO?
(12:03 / Allies) Cacita: harass
(12:34 / Allies) FLUFF_My_BONER: B
(12:34 / Allies) FLUFF_My_BONER: B
(12:45 / Allies) FLUFF_My_BONER: GREEN
(13:28 / Allies) FLUFF_My_BONER: RED WHERES THE WRYMS
(13:51 / Allies) MAK27: massing wrysms
(13:55 / Allies) MAK27: wryms
(14:01 / Allies) FLUFF_My_BONER: BUILD ANTHOER ONE
(16:01 / Allies) MAK27: ty blue
(16:20 / All) criminal.minds.: gold
(17:29 / Allies) Cacita: ready to hit
(17:35 / Allies) MAK27: yes
(17:39 / Allies) FLUFF_My_BONER: LOL RED HAS 2 WRYMS
(17:48 / Allies) FLUFF_My_BONER: PURP WTF
(17:56 / Allies) criminal.minds.: shut up dumb nigger
(18:16 / Allies) criminal.minds.: lets hit
(18:23 / Allies) MAK27: ahahahahah
(18:40 / All) MAK27: ty
(18:54 / Allies) criminal.minds.: lets hit top
(18:55 / Allies) criminal.minds.: come
(19:05 / Allies) FLUFF_My_BONER: WAIT FOR ME
(19:48 / Allies) MAK27: gogogogogog
(19:49 / Allies) FLUFF_My_BONER: TP?
(19:50 / Allies) MAK27: north
(19:55 / Allies) MAK27: no
(19:57 / Allies) MAK27: gogogogogo
(20:01 / Allies) MAK27: gogogogogog
(20:03 / Allies) FLUFF_My_BONER: GREENS ALONE
(20:13 / Allies) MAK27: fyck him
(20:15 / Allies) MAK27: lets gogogogogog
(20:55 / All) FLUFF_My_BONER: FUCKING NOOB
(20:59 / All) criminal.minds.: leave faggot
(21:00 / All) AimForTheEyes: raped
(21:03 / All) AimForTheEyes: leave blue
(22:03 / Allies) MAK27: omw
(22:31 / Allies) FLUFF_My_BONER: TY
(22:40 / Allies) MAK27: np
(23:09 / Allies) FLUFF_My_BONER: WTF
(23:15 / Allies) criminal.minds.: i killed orange u nigga
(23:17 / Allies) Cacita: come
(23:17 / All) OWNEDORCGOD: 2v4
(23:18 / All) OWNEDORCGOD: lmao
(23:25 / All) AimForTheEyes: raped
(23:43 / All) FLUFF_My_BONER: I LOVE MY TEAM
(23:47 / All) criminal.minds.: shut up faggot
(23:48 / All) criminal.minds.: leaev
(23:49 / All) AimForTheEyes: fluff my boner
(23:51 / All) AimForTheEyes: bitch
(23:52 / All) criminal.minds.: ur record is awful
(23:59 / All) AimForTheEyes: how bad is it?
(24:10 / All) FLUFF_My_BONER: HAHA CAUSE I HAVE PEOPLE LIKE PURPLE PLAY WITH ME
(24:16 / All) FLUFF_My_BONER: HE SITS IN HIS BASE
(24:24 / All) AimForTheEyes: ready to ride?
(24:37 / All) FLUFF_My_BONER: GREAT TEAM
(24:40 / All) AimForTheEyes: I know
(24:43 / All) AimForTheEyes: i have a great team
(24:59 / Allies) MAK27: come to me everyone left
(25:04 / Allies) MAK27: we make a last stand here
(25:32 / All) FLUFF_My_BONER: LMAO PURPLE HAS 4000 GOLD AND 5000 WOOD
(25:51 / All) FLUFF_My_BONER: BAHAHAHAHAHAHA
(25:53 / All) FLUFF_My_BONER: BAHAHAHAHA
(25:54 / All) AimForTheEyes: WOW WTF'
(25:56 / All) AimForTheEyes: MISCLICK
(26:02 / All) OWNEDORCGOD: wtf?
(26:03 / All) FLUFF_My_BONER: BAHAHAHAHAHA
(26:07 / Allies) MAK27: we make stand at my base everyone
(26:29 / All) FLUFF_My_BONER: I CANT WAIT TO WATCH PURPLE GET MERKED
(26:40 / Allies) Cacita: we lost because you guys fail to tp at my base
(26:42 / All) FLUFF_My_BONER: YELLOW LEAVE ME
(26:42 / Allies) Cacita: GG
(26:53 / Allies) MAK27: im attacking
(27:18 / All) FLUFF_My_BONER: YEAH PURPLE GOOD TEAMATE
(27:25 / Allies) criminal.minds.: my friend is stabbign retard
(27:25 / Allies) criminal.minds.: lawl
(27:27 / Allies) criminal.minds.: we're gonna win
(27:31 / Allies) criminal.minds.: if i want
(27:40 / All) FLUFF_My_BONER: ID LIKE TO SEE YOU TRY
(27:56 / All) FLUFF_My_BONER: RED LOOK AT PURPLES GOLD
(28:08 / Allies) FLUFF_My_BONER: AND YOU HAVE 200
(28:12 / Allies) MAK27: MOFOUCKA!
(28:30 / Allies) MAK27: MUFACKA
(28:42 / All) FLUFF_My_BONER: THATS WHY UR GONNA LOSE
(28:55 / All) MAK27: STFU WANKER
(29:00 / All) MAK27: cause u are a dickhead blue
(29:16 / All) FLUFF_My_BONER: HOWS THAT BUDDY?
(29:21 / Allies) MAK27: can we win dude?
(29:25 / Allies) criminal.minds.: yes
(29:26 / Allies) criminal.minds.: lets win
(29:31 / Allies) FLUFF_My_BONER: ITS 4 ON 2
(29:32 / Allies) MAK27: can we?
(29:37 / Allies) criminal.minds.: yes
(29:39 / Allies) MAK27: guide me
(29:39 / All) AimForTheEyes: RAPED
(29:40 / Allies) criminal.minds.: my friend is backstabbing
(29:40 / Allies) MAK27: lead me
(29:41 / All) AimForTheEyes: SONNY
(29:41 / Allies) criminal.minds.: lawl
(29:46 / Allies) criminal.minds.: blue ur a noob lawl
(29:47 / All) AimForTheEyes: BECAUSE YOU SUCK YELLOW
(29:55 / Allies) MAK27: LEAD ME
(30:02 / Allies) MAK27: tell me what do do
(30:20 / All) FLUFF_My_BONER: OH SO UR WINNING BECAUSE UR A CHEATER
(30:34 / Allies) MAK27: jus tell me what do do
(30:35 / All) AimForTheEyes: stfu blue you cunt
(30:58 / All) OWNEDORCGOD: alright i guess pink tk to us
(31:06 / All) OWNEDORCGOD: im so lost
(31:11 / All) criminal.minds.: i stabbed too
(31:12 / All) FLUFF_My_BONER: BECAUSE PURPLES PINKS FRIEND
(31:23 / All) OWNEDORCGOD: ahh i see
(31:25 / All) OWNEDORCGOD: no wonder
(31:31 / All) criminal.minds.: stay in game yuellow
(31:32 / All) FLUFF_My_BONER: TELL ME ABOUT IT YELLOW
(31:36 / All) criminal.minds.: im gonna stab soon after
(31:54 / All) OWNEDORCGOD: i understand blue your not the one
(31:58 / All) OWNEDORCGOD: same happen to me
(31:58 / All) AimForTheEyes: oj is trying to kill me
(31:59 / All) AimForTheEyes: he mad
(32:07 / All) FLUFF_My_BONER: TY YELLOW I RESPECT YOU
(32:20 / All) OWNEDORCGOD: yeahh
(32:25 / All) OWNEDORCGOD: feel you
(32:27 / All) MAK27: gg
(32:28 / All) AimForTheEyes: raped
(32:29 / All) AimForTheEyes: oj
(33:02 / All) OWNEDORCGOD: GG blue your won lucky
(33:06 / All) OWNEDORCGOD: sorry about that team tk
(33:09 / All) AimForTheEyes: raped
(33:10 / All) AimForTheEyes: son
(33:10 / All) OWNEDORCGOD: same
(33:11 / All) criminal.minds.: yellow
(33:11 / All) AimForTheEyes: yellow
(33:13 / All) criminal.minds.: wait idiot
(33:13 / All) AimForTheEyes: you suck
(33:19 / All) MAK27: gg
(33:26 / All) criminal.minds.: gg
(33:27 / All) criminal.minds.: good job red
(33:30 / All) AimForTheEyes: gg
(33:39 / All) MAK27: ty ty
(33:42 / All) MAK27: :)
(33:43 / All) AimForTheEyes: gj red
(33:45 / All) AimForTheEyes: you are good
(33:46 / All) FLUFF_My_BONER: RED KILL PURPLE
(33:49 / All) MAK27: FUCKING BACKSTABBER
(33:52 / Allies) MAK27: stop faggot
(33:55 / All) FLUFF_My_BONER: RED KILL HIM
(34:14 / All) MAK27: r u fucking kidding me
(34:21 / All) MAK27: WTF
(34:22 / All) MAK27: STOP!!!
(34:22 / All) FLUFF_My_BONER: I TOLD YOU RED
(34:24 / Allies) criminal.minds.: r/ nvm
(34:27 / All) FLUFF_My_BONER: NO ONE FUCKING LISTENS
(34:31 / All) MAK27: fucking stop fagot
(34:37 / All) MAK27: FUCK U
(34:38 / All) AimForTheEyes: raped
(34:43 / All) AimForTheEyes: juicy nigger
(34:44 / All) AimForTheEyes: get raped
(34:45 / All) AimForTheEyes: fag
(34:52 / All) MAK27: FUCK U
(35:01 / All) AimForTheEyes: fuck me? I bet you'd want to
(35:05 / All) AimForTheEyes: Im real good at it babe
(35:07 / All) MAK27: WOWO
(35:16 / All) MAK27: WE GOT BACKSTABBED
(35:19 / All) FLUFF_My_BONER: RED
(35:21 / All) AimForTheEyes: enjoying the buttsecks?
(35:24 / All) FLUFF_My_BONER: R U FUCKING DUMB
(35:31 / Allies) MAK27: THATS IT PURPEL
(35:32 / All) FLUFF_My_BONER: I TOLD YOU
(35:46 / All) criminal.minds.: blue ur a nab lawl
(35:54 / All) AimForTheEyes: blue sucks
(35:57 / All) AimForTheEyes: big ones
(36:02 / All) FLUFF_My_BONER: LEARN TO SPELL YOU FUCKING CHILD
(36:15 / All) AimForTheEyes: I can spell fine, sir.
(36:25 / All) FLUFF_My_BONER: NOT U MORON
(37:00 / All) FLUFF_My_BONER: PINK AND PURPLE MUST BE BUTT BUDDIES
(37:07 / All) AimForTheEyes: yes we are
(37:09 / All) AimForTheEyes: all day long
(37:18 / All) MAK27: FUCK OFF PURPLE
(37:25 / All) FLUFF_My_BONER: U MUST HAVE BUTT SEXS WITH EACHOTHER
(37:32 / All) AimForTheEyes: Yes sir!
(38:10 / All) criminal.minds.: dosnt matter
(38:13 / All) criminal.minds.: ur team left
(38:23 / All) AimForTheEyes: they blew too many horse dongs
(38:24 / All) criminal.minds.: hit bot right my expos or reds untis
(39:08 / All) AimForTheEyes: red if you kill purp you help us
(39:11 / All) MAK27: FAGGOT PURPLE
(39:13 / All) AimForTheEyes: it makes sure your team loses
(39:25 / All) MAK27: BUT HES FUCKED UP
(39:28 / All) MAK27: hE KILLED MY TORNW
(39:30 / All) AimForTheEyes: like your mum?
(39:34 / All) MAK27: PUPLE FUCKED US
(39:43 / All) AimForTheEyes: did you enjoy it?
(39:44 / All) criminal.minds.: yes i did red
(39:51 / All) FLUFF_My_BONER: THANK YOU GENIOUS TRYED TO TELL YOU THAT
(39:54 / All) MAK27: thats it purple
(39:59 / All) MAK27: ur going down
(40:32 / All) AimForTheEyes: raped
(40:33 / All) AimForTheEyes: sonny
(40:37 / All) MAK27: fucking fuck
(40:41 / All) criminal.minds.: lawl
(40:42 / All) AimForTheEyes: not even 1 gryph lost in that battle
(40:43 / All) AimForTheEyes: purp lives
(40:46 / All) criminal.minds.: red this is nothing personal
(40:57 / All) MAK27: fuck ur Mum
(41:04 / All) MAK27: where u live?
(41:07 / All) MAK27: i wanna beat the shit outta u
(41:09 / All) MAK27: tell me
(41:16 / All) MAK27: I meet u now
(41:17 / All) AimForTheEyes: 2960 houston street california
(41:21 / All) AimForTheEyes: come here
(41:29 / All) AimForTheEyes: k/
(41:31 / All) MAK27: y u on the East COast?
(41:32 / All) AimForTheEyes: you want to?
(41:33 / All) AimForTheEyes: still?
(41:37 / All) AimForTheEyes: ca is west coast
(41:39 / All) AimForTheEyes: l2 geography
(41:41 / All) MAK27: this is th east coast network
(41:49 / All) AimForTheEyes: nobody plays on west coast
(41:50 / All) AimForTheEyes: dumbass
(42:20 / All) FLUFF_My_BONER: BUILD SOMETHING NOOB
(42:23 / All) criminal.minds.: my shit sending to ur base
(42:32 / All) AimForTheEyes: on my way
(42:35 / All) AimForTheEyes: to kill it for exp
(42:40 / All) AimForTheEyes: red
(42:43 / All) AimForTheEyes: you still coming to me?
(42:46 / All) AimForTheEyes: to fight irl?
(42:49 / All) AimForTheEyes: I'm up for it
(42:50 / All) AimForTheEyes: bro
(43:02 / All) AimForTheEyes: 2960 houston street
(43:10 / All) FLUFF_My_BONER: TIMES RUNNING OUT NOOBS
(43:35 / All) AimForTheEyes: INTO THE MEATGRINDER
(43:44 / All) AimForTheEyes: LEVEL 10 MK INC
(43:46 / All) AimForTheEyes: YOU'RE FUNNY
(43:48 / All) criminal.minds.: this was a decent game
(43:49 / All) MAK27: fuck u
(43:50 / All) FLUFF_My_BONER: YOU 2 R FUCKING JOKES
(43:52 / All) MAK27: where r u?
(43:53 / All) AimForTheEyes: RED
(43:55 / All) AimForTheEyes: ARE YOU COMING TO ME
(43:59 / All) AimForTheEyes: 2960 HOUSTON STREET
(43:59 / All) AimForTheEyes: SON
(44:02 / All) MAK27: where u live?
(44:03 / All) AimForTheEyes: CALIFORNIA
(44:10 / All) criminal.minds.: i live in canada
(44:14 / All) MAK27: I live in NY
(44:17 / All) MAK27: come to me
(44:18 / All) MAK27: wanker
(44:20 / All) AimForTheEyes: COME TO CALIFORNIA DAWG
(44:25 / All) AimForTheEyes: 2960 HOUSTON ST. CALIFORNIA
(44:29 / All) AimForTheEyes: OR ARE YOU TOO PUSSY?
(44:31 / All) MAK27: ow
(44:41 / All) MAK27: u gunna pay my plane ticket fag
(44:45 / All) AimForTheEyes: nope
(44:47 / All) AimForTheEyes: or are you poor?
(45:02 / All) MAK27: obviosly u are too
(45:06 / All) MAK27: if u cant pay my ticket
(45:18 / All) AimForTheEyes: or you're too pussy to fight me
(45:26 / All) MAK27: come to me
(45:29 / All) MAK27: I live in NY
(45:32 / All) AimForTheEyes: ca is better
(45:35 / All) AimForTheEyes: 2960 houston st
(45:35 / All) FLUFF_My_BONER: FUCKING NOOBS
(45:36 / All) criminal.minds.: GO CARMELO ANTHONY
(45:40 / All) MAK27: stfu
(45:40 / All) AimForTheEyes: what is yoru address though?
(45:42 / All) AimForTheEyes: I can fight
(45:44 / All) MAK27: ill smash u
(45:45 / All) AimForTheEyes: dawg
(45:47 / All) criminal.minds.: GO AMARE STOUDEMIRE
(45:48 / All) AimForTheEyes: adress?
(45:50 / All) AimForTheEyes: we'll see
(45:58 / All) MAK27: guess wel find out
(45:59 / All) AimForTheEyes: red
(46:00 / All) MAK27: wont we
(46:01 / All) AimForTheEyes: adress?
(46:03 / All) AimForTheEyes: or are you scared
(46:08 / All) AimForTheEyes: too scared to give your address?
(46:20 / All) MAK27: fuck u
(46:22 / All) AimForTheEyes: too fucking pussy and scared that you'll get beat up irl?
(46:25 / All) AimForTheEyes: give me your adress
(46:27 / All) AimForTheEyes: address
(46:27 / All) AimForTheEyes: cunt
(46:29 / All) AimForTheEyes: I gave you mine
(46:31 / All) MAK27: fuck u
(46:33 / All) MAK27: fag
(46:35 / All) AimForTheEyes: chickened out
(46:36 / All) MAK27: ur stupid
(46:37 / All) AimForTheEyes: LMAO
(46:40 / All) MAK27: thats y u did
(46:41 / All) criminal.minds.: I LOVE DEREK JETER
(46:44 / All) AimForTheEyes: you weren't even going to fight in the first place
(46:47 / All) criminal.minds.: MARIONA RIVERIA
(46:49 / All) criminal.minds.: nice
(46:50 / All) AimForTheEyes: raped
(46:54 / All) criminal.minds.: my team loses right
(46:57 / All) AimForTheEyes: I love how 2960 houston st doesn't exist
(46:59 / All) AimForTheEyes: of course